 Dungeon Crawl Stone Soup version bcrawl-1.37.2 (webtiles) character file.

Game seed: 18334440897587903109

17030107 foxfromabyss the Minotaur Porcupine (level 27, 273/273 HPs)
             Began as a Minotaur Archaeologist on Dec 12, 2022.
             Was the Champion of Wu Jian.
             Escaped with the Orb
             ... and 3 runes!
             The game lasted 01:23:49 (57531 turns).

foxfromabyss the Minotaur Porcupine (MiAc)         Turns: 57531, Time: 01:23:50

Health: 273/273    AC: 50    Str: 29    XL:     27
Magic:  32/32      EV: 17    Int: 14    God:    Wu Jian [******]
Gold:   7360       SH: 24    Dex: 15    Spells: 26/26 levels left

rFire    + + .     GDR:     42% a - +18 lance "Wyrmbane" {slay drac, rPois rF+ rC+ AC+3}
rCold    + + +     SeeInvis .   R - +5 medium shield "Nast" {Dex+2}
rNeg     + + .     Gourm    .   y - +12 crystal plate armour "Ican" {rC+ Int+3 Stlth-}
rPois    +         Faith    .   d - +1 hat
rElec    +         Spirit   .   S - scarf {repulsion}
rCorr    .         Reflect  .   z - +0 pair of gloves {archery}
MR       +++..                  N - +2 pair of boots {Fly}
Stlth    ..........             w - amulet of Tokk {Acrobat rElec Str+2 Dex+2}
HPRegen  0.55/turn              M - ring of Vied {+Inv rPois rN++ Str+2 Stlth++}
MPRegen  0.23/turn              X - ring of protection from fire

@: flying, repel missiles
A: retaliatory headbutt, horns 2, blink, clumsy 1, cold resistance 2, magic
resistance 1, wild magic 1
0: Orb of Zot
}: 3/15 runes: serpentine, silver, gossamer
a: Blink, Wall Jump, Serpent's Lash, Heavenly Storm, Renounce Religion, Evoke
Invisibility, Stop Flying


You escaped.
You worshipped Wu Jian.
Wu Jian was exalted by your worship.
You were not hungry.

You visited 10 branches of the dungeon, and saw 42 of its levels.
You also visited: Ossuary, Ice Cave and Volcano.

You collected 7360 gold pieces.

Inventory:

Hand Weapons
 a - the +18 lance "Wyrmbane" (weapon) {slay drac, rPois rF+ rC+ AC+3}
   (You acquired it on level 3 of the Dungeon)

   It affects your AC (+3).
   It protects you from fire.
   It protects you from cold.
   It protects you from poison.
 b - a +0 blowgun
Missiles
 f - 2 curare-tipped needles
 K - 10 throwing nets {=f}
 U - 815 poisoned tomahawks (quivered)
Armour
 d - a +1 hat (worn)
 y - the +12 crystal plate armour "Ican" (worn) {rC+ Int+3 Stlth-}
   (You acquired it on level 1 of the Depths)

   It affects your intelligence (+3).
   It protects you from cold.
   It makes you less stealthy.
 z - a +0 pair of gloves of archery (worn)
 N - a +2 pair of boots of flying (worn)
 R - the +5 medium shield "Nast" (worn) {Dex+2}
   (You acquired it on level 1 of the Lair of Beasts)

   It affects your dexterity (+2).
 S - a scarf of repulsion (worn)
Jewellery
 i - the ring of Fuxtumey {MP+9 AC+5 SInv}
   (You acquired it on level 1 of the Lair of Beasts)

   [ring of protection]

   It affects your AC (+5).
   It affects your magic capacity (+9).
   It lets you see invisible.
 k - the ring "Geoluxza" {rC+ rN+ Str+7}
   (You acquired it on level 1 of the Lair of Beasts)

   [ring of strength]

   It affects your strength (+7).
   It protects you from cold.
   It protects you from negative energy.
 w - the amulet of Tokk (around neck) {Acrobat rElec Str+2 Dex+2}
   (You found it on level 6 of the Lair of Beasts)

   [amulet of the acrobat]

   It helps you evade while moving and waiting.
   It affects your strength (+2).
   It affects your dexterity (+2).
   It insulates you from electricity.
 x - an uncursed ring of protection from magic
 M - the ring of Vied (left hand) {+Inv rPois rN++ Str+2 Stlth++}
   (You took it off a deep elf elementalist on level 3 of the Elven Halls)

   [ring of stealth]

   It affects your strength (+2).
   It protects you from poison.
   It greatly protects you from negative energy.
   It lets you turn invisible.
   It makes you much more stealthy.
 X - a ring of protection from fire (right hand)
Wands
 g - a wand of acid (15)
 q - a wand of paralysis (29)
 E - a wand of iceblast (22)
 G - a wand of charming (17)
 J - a wand of polymorph (21)
 T - a wand of scattershot (3)
 V - a wand of disintegration (31)
 W - a wand of digging (16)
 Y - a wand of clouds (8)
Scrolls
 p - 17 scrolls of teleportation
 r - 5 scrolls of fog
 t - 9 scrolls of blinking
 C - 6 scrolls of magic mapping
 D - 2 scrolls of immolation
 F - 2 scrolls of summoning
 H - 3 scrolls of vulnerability
 O - 9 scrolls of amnesia
 Q - 5 scrolls of fear
Potions
 l - 3 potions of invisibility
 m - 7 potions of might
 n - 5 potions of heal wounds
 u - 4 potions of haste
 v - 14 potions of curing
 B - 7 potions of cancellation
 I - 11 potions of flight
 L - 4 potions of magic
 P - 7 potions of resistance
Miscellaneous
 c - a lamp of fire
 j - a lightning rod (4/4)
 o - a sack of spiders
 s - a phial of floods
 Z - a phantom mirror
Comestibles
 e - 66 rations {!d}


   Skills:
 O Level 27 Fighting
   Level 1.2 Maces & Flails
 O Level 27 Polearms
 + Level 22.4 Armour
 + Level 22.1 Dodging
 - Level 2.6 Stealth
 + Level 26.5 Shields
 - Level 13.6 Evocations


You had 26 spell levels left.
You didn't know any spells.
Your spell library contained the following spells:

 Spells                   Type           Power        Failure   Level  Hunger
 Throw Frost              Conj/Ice       #.....       98%         2    ####...
 Apportation              Tloc           #.....       100%        1    None
 Blink Other              Tloc           #.....       100%        1    None
 Flame Tongue             Conj/Fire      #....        100%        1    None
 Freeze                   Ice            #.....       100%        1    None
 Infusion                 Chrm           #.......     100%        1    None
 Necrotize                Necr           #.....       100%        1    None
 Sandblast                Erth           #.....       100%        1    None
 Slow                     Hex            #.......     100%        1    None
 Static Discharge         Air            #.....       100%        1    None
 Summon Butterflies       Summ           #.......     100%        1    None
 Summon Small Mammal      Summ           #...         100%        1    None
 Blink                    Tloc           N/A          100%        2    ####...
 Call Imp                 Summ           #.....       100%        2    ####...
 Corpse Rot               Necr           N/A          100%        2    ####...
 Ensorcelled Hibernation  Hex/Ice        #.....       100%        2    ####...
 Flaming Arrows           Chrm/Fire      #.......     100%        2    ####...
 Passwall                 Tmut/Erth      #.......     100%        2    ####...
 Shackle                  Hex            #.......     100%        2    ####...
 Shock                    Conj/Air       #......      100%        2    ####...
 Swiftness                Chrm/Air       #.......     100%        2    ####...
 Beckoning                Tloc           #.........   100%        3    #####..
 Call Canine Familiar     Summ           #.......     100%        3    #####..
 Confuse                  Hex            #.......     100%        3    #####..
 Conjure Flame            Conj/Fire      #.......     100%        3    #####..
 Dazzling Orbs            Conj/Hex       #......      100%        3    #####..
 False Image              Hex/Summ       #.......     100%        3    #####..
 Inner Flame              Hex/Fire       N/A          100%        3    #####..
 Ozocubu's Armour         Chrm/Ice       #.......     100%        3    #####..
 Portal Projectile        Tloc           #.....       100%        3    #####..
 Recall                   Summ/Tloc      N/A          100%        3    #####..
 Regeneration             Chrm/Necr      #.........   100%        3    #####..
 Spectral Weapon          Hex/Chrm       #.......     100%        3    #####..
 Spider Form              Tmut/Pois      #..          100%        3    #####..
 Stone Arrow              Conj/Erth      #.....       100%        3    #####..
 Teleport Other           Tloc           #.......     100%        3    #####..
 Tukima's Dance           Hex            #.......     100%        3    #####..
 Vampiric Draining        Necr           #.........   100%        3    #####..
 Agony                    Necr           #.......     100%        4    ######.
 Airstrike                Air            #.........   100%        4    ######.
 Animate Dead             Necr           N/A          100%        4    ######.
 Lightning Bolt           Conj/Air       #.......     100%        4    ######.
 Petrify                  Tmut/Erth      #.........   100%        4    ######.
 Sticky Flame             Conj/Fire      #.......     100%        4    ######.
 Summon Ice Beast         Ice/Summ       #.......     100%        4    ######.
 Throw Icicle             Conj/Ice       #.......     100%        4    ######.
 Tree Form                Hex/Tmut       N/A          100%        4    ######.
 Yara's Violent Unravell  Hex/Tmut       #.........   100%        4    ######.
 Blade Hands              Tmut           #.........   100%        5    #######
 Bolt of Magma            Conj/Fire/Erth #.........   100%        5    #######
 Dispel Undead            Necr           #.......     100%        5    #######
 Fireball                 Conj/Fire      #.........   100%        5    #######
 Freezing Cloud           Ice/Air        #.......     100%        5    #######
 Irradiate                Conj/Tmut      #.........   100%        5    #######
 Iskenderun's Battlesphe  Conj/Chrm      #.......     100%        5    #######
 Lee's Rapid Deconstruct  Erth           #.........   100%        5    #######
 Metabolic Englaciation   Hex/Ice        #.........   100%        5    #######
 Piercing Shot            Chrm           #.........   100%        5    #######
 Silence                  Hex/Air        #.........   100%        5    #######
 Steam Barrier            Chrm/Fire      #.........   100%        5    #######
 Summon Forest            Summ/Tloc      #.........   100%        5    #######
 Summon Lightning Spire   Summ/Air       #.......     100%        5    #######
 Aura of Abjuration       Summ           #.........   100%        6    #######
 Borgnjor's Vile Clutch   Necr/Erth      #.........   100%        6    #######
 Conjure Ball Lightning   Conj/Air       #.........   100%        6    #######
 Darkness                 Hex            #.........   100%        6    #######
 Death Channel            Chrm/Necr      #.........   100%        6    #######
 Deflect Missiles         Chrm/Air       #.........   100%        6    #######
 Dispersal                Tloc           #.........   100%        6    #######
 Infestation              Hex/Tmut/Pois  #........    100%        6    #######
 Invisibility             Hex            #.......     100%        6    #######
 Iron Shot                Conj/Erth      #.........   100%        6    #######
 Ozocubu's Refrigeration  Ice            #.........   100%        6    #######
 Poison Arrow             Conj/Pois      #.........   100%        6    #######
 Simulacrum               Ice/Necr       #.......     100%        6    #######
 Statue Form              Tmut/Erth      #........    100%        6    #######
 Summon Hydra             Summ           #.........   100%        6    #######
 Discord                  Hex            #.........   100%        7    #######
 Dragon Form              Tmut           #......      100%        7    #######
 Haunt                    Necr/Summ      #.........   100%        7    #######
 Icicle Burst             Conj/Ice       #.........   100%        7    #######
 Shadow Creatures         Summ           N/A          100%        7    #######
 Borgnjor's Revivificati  Necr           #.........   100%        8    #######
 Chain Lightning          Conj/Air       #.........   100%        8    #######
 Necromutation            Tmut/Necr      #.......     100%        8    #######
 Time Stop                Chrm/Tloc      N/A          100%        8    #######
 Tornado                  Tloc/Air       #.........   100%        8    #######
 Shatter                  Erth           #.........   100%        9    #######
 Passage of Golubria      Tloc           Unusable     N/A         5    N/A

Dungeon Overview and Level Annotations

Branches:
Dungeon (12/12)            Temple (0/1) D:4            Lair (6/6) D:9
  Snake (3/3) Lair:3       Spider (3/3) Lair:4        Slime (0/5) Lair:6
    Orc (1/1) D:9             Elf (3/3) Orc          Vaults (3/3) D:11
  Crypt (0/2) Vaults:1     Depths (5/5) D:12           Hell (1/1)
    Dis (0/2) Hell            Geh (0/2) Hell            Coc (0/2) Hell
    Tar (0/2) Hell            Zot (5/5) Depths:5

Altars:
Fedhas
Kikubaaqudgha
Lugonu
Makhleb
Nemelex Xobeh
Okawaru
Qazlal
Ru
Sif Muna
Trog
Vehumet
Wu Jian
Xom
Yredelemnul
Zin
The Shining One
Jiyva

Shops:
D:9 =   Orc %%!(   Elf:1 ?   Snake:2 }=}   Vaults:1 *   Depths:3 !*(
Depths:5 *

Portals:
Hell: Depths:1 Depths:2 Depths:3 Depths:4 Depths:5
Abyss: Lair:6 Depths:3 Depths:4
Pandemonium: Depths:1 Depths:3
Ziggurat: Depths:5

Annotations:
Lair:6 exclusion: 4 oklob plants
Spider:3 2 runed translucent doors, foxfromabyss's ghost, adept TrMo
Elf:2 3 runed doors
Vaults:1 1 runed translucent door, zoran's ghost, adept HOBe


Innate Abilities, Weirdness & Mutations

You reflexively headbutt those who attack you in melee.
You have a pair of horns on your head.
You can translocate small distances at will.
You are clumsy. (Dex -2)
Your flesh is very cold resistant. (rC++)
You are resistant to hostile enchantments. (MR+)
Your spells are a little harder to cast, but a little more powerful.


Message History

Press: ? - help, Dir - move target cursor, f/p - orange demon
Aim: an orange demon (severely wounded)
You reach to attack!
You impale the orange demon!!
You kill the orange demon!
The Council accepts your kill.
No target in view!
No target in view!
(D) Dungeon (T) Temple (L) Lair (P) Snake Pit (N) Spider Nest (M) Slime Pits (O) Orcish Mines (E) Elven Halls (V) Vaults (C) Crypt (U) Depths (H) Hell (I) Dis (G) Gehenna (X) Cocytus (Y) Tartarus (Z) Zot
Where to? (Enter - D:1, ? - help)
There is a stone staircase leading up here.
You fly upwards.
There is a stone staircase leading down here.
There is an abandoned shop here.
There is a staircase leading out of the dungeon here.
The power of the Orb breaks the dimensional shunt like a soap bubble!
You have escaped!

...##.#.#...................##
......###..................##
....∩.# #.....#####.##.#####
....∩.######.........#.#
..##.#..∩∩∩#######...#.#
.............### #...#.#####
...............###...#.....#
................##.......###
................@#.......#
.............#####...#...#
.###∩##∩∩##∩.# #####...#
##################.......#
..#.................###..#
..#.......#.#.....#.# ##.#
###.................# #.#
#......###..####### #.#
#......# #### ###


There were no monsters in sight!

Vanquished Creatures
  2 orbs of fire (Zot:5)
  Mara (Depths:3)
  9 ancient liches (Zot:5)
  Mennas (Depths:5)
  Xtahua (Depths:5)
  5 Killer Klowns
  7 golden dragons
  Boris (thrice) (Vaults:2 Depths:3 Depths:4)
  Bai Suzhen (Depths:3)
  Saint Roka (Depths:5)
  13 caustic shrikes
  2 curse toes (Zot:5)
  4 rockslimes
  Geryon (Hell)
  A bone dragon (Depths:5)
  The ghost of Morbidden the Warrior, an adept DrCj of Cheibriados (Depths:1)
  2 electric golems (Zot:5)
  A Shadow Fiend (Zot:3)
  Jorgrun (Spider:1)
  Frances (Spider:2)
  A pandemonium lord (Depths:4)
  14 tentacled monstrosities
  2 Ice Fiends
  32 Orb Guardians
  5 deep elf blademasters
  3 liches
  A deep elf master archer (Elf:3)
  8 quicksilver dragons
  2 titans
  6 sphinxes
  11 death cobs
  An Executioner (Depths:2)
  Kirke (Lair:4)
  Donald (Spider:1)
  9 storm dragons
  7 nagarajas
  13 shadow dragons
  5 draconian monks
  2 iron golems (Hell)
  10 tengu reavers
  7 draconian knights
  12 frost giants
  2 azure jellies (Depths:4)
  A balrug (Hell)
  3 war gargoyles
  3 iron dragons
  6 deep elf sorcerers
  11 vault wardens
  8 fire giants
  An orc warlord (Vaults:2)
  5 emperor scorpions (Spider:3)
  4 ghost moths
  A cacodemon (Depths:1)
  6 draconian shifters
  20 stone giants
  18 ironheart preservers
  2 spriggan defenders (Depths:3)
  2 eyes of devastation
  4 draconian stormcallers
  2 reapers
  6 draconian annihilators
  4 deep elf elementalists (Elf:3)
  9 draconian scorchers
  12 green draconians
  18 very ugly things
  13 black draconians
  3 vampire knights (Depths:2)
  2 dire elephants (Vaults:1)
  6 deep elf demonologists (Elf:3)
  8 red draconians
  12 deep elf annihilators
  7 entropy weavers
  13 purple draconians
  A lorocyproca (Hell)
  12 spark wasps
  8 white draconians
  8 yellow draconians
  6 ettins
  An eidolon (Depths:4)
  6 deep elf death magi
  4 blizzard demons (Hell)
  4 jiangshi
  Urug (Lair:5)
  5 fire dragons
  6 deep elf high priests
  4 hydras
  12 yaktaur captains
  Harold (D:8)
  25 vault guards
  8 ice dragons
  Erica (Orc)
  9 naga warriors
  The ghost of yrara the Cleaver, a journeyman DsFi of Gozag (Lair:1)
  A caustic shrike simulacrum (Depths:3)
  6 rakshasas
  17 great orbs of eyes
  13 ogre magi
  7 spriggan air magi
  2 shadow wraiths (Hell)
  18 two-headed ogres
  Psyche (D:8)
  A death knight (Vaults:3)
  18 anacondas
  3 catoblepae
  13 dancing weapons
  Sonja (Orc)
  3 thrashing horrors (Lair:6)
  6 deep troll earth magi
  3 titan zombies (Hell)
  3 orc high priests
  5 tengu warriors
  An ironheart beastmaster (Vaults:1)
  6 naga sharpshooters
  10 deep troll shamans
  5 vampire magi
  10 shock serpents
  6 spriggan berserkers
  4 sun demons
  16 deep elf knights
  A soul eater (Hell)
  7 iron trolls
  16 deep trolls
  8 salamander mystics
  7 skeletal warriors
  32 slime creatures
  2 sixfirhies (Depths:1)
  21 centaur warriors
  21 hell knights
  2 anaconda zombies (Hell)
  A storm dragon skeleton (Vaults:3)
  2 unseen horrors
  A death drake (Depths:4)
  13 wizards
  3 wolf spider zombies
  6 naga ritualists
  3 glowing orange brains
  4 phantasmal warriors
  7 deep elf archers
  A cyclops (shapeshifter) (Vaults:1)
  15 necromancers
  4 cyclopes
  51 deep elf magi
  4 lindwurms (Snake:3)
  3 orange crystal statues
  An anaconda skeleton (Hell)
  21 wolf spiders
  11 ironheart convokers
  2 orc sorcerers
  An iron dragon zombie (Hell)
  9 orc knights (Orc)
  13 orb spiders
  12 mana vipers
  36 ugly things
  A manticore (D:10)
  8 salamanders
  A black mamba (shapeshifter) (Lair:6)
  4 ice statues
  19 moths of wrath
  7 guardian serpents (Snake:3)
  A guardian serpent (shapeshifter) (Lair:6)
  A stone giant skeleton (Depths:3)
  5 rust devils (Hell)
  3 smoke demons
  28 black mambas
  A water nymph (shapeshifter) (Vaults:3)
  17 naga magi
  Joseph (D:8)
  A will-o'-wisp (Depths:4)
  9 vault sentinels
  A cane toad (shapeshifter) (Lair:6)
  A storm dragon simulacrum (Depths:3)
  4 gargoyles
  6 cane toads
  2 orange demons
  A yaktaur zombie (Vaults:1)
  A komodo dragon (shapeshifter) (Depths:3)
  2 rime drakes
  15 demonic crawlers
  11 freezing wraiths
  An eye of draining (shapeshifter) (Lair:6)
  19 jumping spiders
  23 yaktaurs
  6 komodo dragons
  4 anaconda simulacra
  An efreet (D:11)
  6 ice devils (IceCv)
  A tormentor (D:7)
  2 golden dragon simulacra (IceCv)
  2 tengu conjurers
  4 red devils
  2 eyes of draining
  An ancient zyme (Lair:6)
  3 hydra zombies (Hell)
  A tyrant leech (Depths:4)
  3 meliai (Spider:3)
  2 trolls (shapeshifter)
  7 trolls
  A polar bear (Lair:6)
  A wolf spider simulacrum (Hell)
  A fire dragon zombie (Hell)
  A snapping turtle (shapeshifter) (Depths:1)
  A meliai zombie (D:10)
  A blink frog (shapeshifter) (Depths:2)
  2 harpy skeletons (D:11)
  An alligator zombie (Hell)
  15 hornets
  7 hippogriffs
  A raiju (shapeshifter) (D:9)
  A spriggan zombie (Depths:3)
  8 dream sheep
  22 blink frogs
  A stone giant simulacrum (Vaults:3)
  2 raiju (Depths:4)
  A fire giant simulacrum (Vaults:2)
  An iron dragon simulacrum (Depths:3)
  4 air elementals
  Grum (Lair:1)
  A fire dragon skeleton (Hell)
  2 shadows
  A black mamba zombie (Hell)
  21 tarantellas
  5 spriggans
  8 water elementals
  An alligator skeleton (Hell)
  A vampire (D:10)
  3 ynoxinuls
  3 dire elephant simulacra (IceCv)
  8 hogs
  A fire bat (shapeshifter) (Vaults:3)
  4 wraiths
  28 yaks
  2 hogs (shapeshifter)
  A human (D:10)
  5 fire bats (Volcano)
  A yak (shapeshifter) (Lair:6)
  A black mamba skeleton (D:9)
  4 chaos spawn
  10 fire elementals
  2 wyverns
  34 redbacks
  2 golden eyes (Depths:4)
  2 basilisks
  5 vampire mosquitoes
  A human simulacrum (Vaults:2)
  A death yak simulacrum (IceCv)
  A golden eye (shapeshifter) (Elf:1)
  4 harpy simulacra (IceCv)
  37 nagas
  A merfolk zombie (Hell)
  12 wargs
  12 crocodiles
  A swamp worm (shapeshifter) (Depths:2)
  5 hydra simulacra
  An iron troll simulacrum (IceCv)
  A cane toad zombie (Hell)
  A deep troll skeleton (Vaults:3)
  2 hell hounds (Volcano)
  8 water moccasins
  8 porcupines
  6 large abominations
  18 small abominations
  A merfolk skeleton (Hell)
  A floating eye (shapeshifter) (Depths:2)
  A floating eye (Depths:1)
  2 ice beasts
  48 orc warriors
  7 sky beasts
  A black bear (D:7)
  A black bear (shapeshifter) (Vaults:3)
  2 phantoms
  14 ogres
  An ettin simulacrum (IceCv)
  3 wolves (Lair:1)
  17 boggarts
  11 bullfrogs
  A human zombie (Vaults:1)
  A gnoll sergeant (D:8)
  A glowing shapeshifter simulacrum (Vaults:1)
  5 centaurs
  2 wyvern skeletons
  2 water moccasin skeletons
  3 scorpions
  A swamp dragon simulacrum (IceCv)
  14 killer bees
  4 howler monkeys
  2 electric eels
  A vampire bat (Depths:4)
  10 orc priests
  A bullfrog zombie (D:6)
  5 lava snakes (Volcano)
  10 crimson imps
  2 draconian simulacra (IceCv)
  A bullfrog skeleton (D:9)
  5 hounds
  5 jellies
  19 orc wizards
  4 iguanas
  2 iron imps
  7 worker ants
  4 lightning spires (Depths:4)
  4 troll simulacra
  3 wolf simulacra (IceCv)
  2 hound zombies
  8 mummies (Ossuary)
  A worker ant zombie (D:10)
  13 gnolls
  13 adders
  2 ogre simulacra (IceCv)
  7 naga simulacra
  A shadow imp (D:5)
  6 white imps (IceCv)
  4 ufetubi (IceCv)
  A centaur simulacrum (IceCv)
  7 worms
  2 dart slugs
  5 leopard geckos
  92 orcs
  2 ball pythons
  4 bats
  A giant cockroach (D:2)
  2 goblins
  7 hobgoblins
  2 jackals
  3 quokkas
  7 frilled lizards
  A hobgoblin zombie (Ossuary)
  A jackal skeleton (D:4)
  5 kobolds
  4 kobold zombies (Ossuary)
  4 orc zombies
  A quokka skeleton (D:4)
  2 rats
  6 plants (Lair:5)
2099 creatures vanquished.

Vanquished Creatures (others)
  A deep elf demonologist (Elf:3)
  A vault guard (Vaults:3)
  4 moths of wrath
  An orc wizard (D:6)
  2 ball lightnings (Depths:4)
  2 fungi
  5 plants (Lair:6)
16 creatures vanquished.

Grand Total: 2115 creatures vanquished

Notes
Turn   | Place    | Note
-------+----------+-------------------------------------------
     0 | D:1      | foxfromabyss the Minotaur Archaeologist began the quest for
                  | the Orb.
     0 | D:1      | Reached XP level 1. HP: 16/16 MP: 0/0
   529 | D:2      | Reached XP level 2. HP: 24/24 MP: 1/1
   778 | D:2      | Found a glowing silver altar of Zin.
   990 | D:2      | Reached XP level 3. HP: 30/30 MP: 2/2
  1279 | D:2      | Found a shimmering blue altar of Sif Muna.
  1417 | D:3      | Found a sparkling altar of Nemelex Xobeh.
  1437 | D:3      | Reached XP level 4. HP: 9/40 MP: 3/3
  1542 | D:3      | Found a blossoming altar of Fedhas.
  1631 | D:3      | Found an ornate altar of the Wu Jian Council.
  1769 | D:3      | Reached skill level 5 in Dodging
  1909 | D:3      | Reached XP level 5. HP: 42/46 MP: 4/4
  1909 | D:3      | Identified a scroll of acquirement
  1909 | D:3      | Identified the +0 pair of boots "Nyenugah" {rC+ MR- Str+9
                  | Stlth+} (You acquired it on level 3 of the Dungeon)
  1909 | D:3      | Identified the ring "Xiem" {Ice *Slow rElec rN+ Str+3} (You
                  | acquired it on level 3 of the Dungeon)
  1910 | D:3      | Found the +8 lance "Wyrmbane" {slay drac, rPois rF+ rC+
                  | AC+3}
  1979 | D:3      | Became a worshipper of the Wu Jian Council
  2527 | D:4      | Found a basalt altar of Yredelemnul.
  2584 | D:4      | Found a staircase to the Ecumenical Temple.
  2649 | D:4      | Noticed an ogre
  2660 | D:4      | Killed an ogre
  2661 | D:4      | Reached XP level 6. HP: 52/52 MP: 5/5
  3133 | D:4      | Reached skill level 5 in Polearms
  3158 | D:4      | Found a shimmering altar of Xom.
  3242 | D:5      | Entered Level 5 of the Dungeon
  3291 | D:5      | Noticed a sky beast
  3297 | D:5      | Killed a sky beast
  3298 | D:5      | Reached XP level 7. HP: 59/59 MP: 6/6
  3385 | D:5      | Reached * piety under Wu Jian
  3388 | D:5      | Noticed a komodo dragon
  3400 | D:5      | Killed a komodo dragon
  3489 | D:5      | Reached XP level 8. HP: 66/66 MP: 7/7
  3758 | D:5      | Found a radiant altar of Vehumet.
  3923 | D:5      | Found a corrupted altar of Lugonu.
  3980 | D:5      | Reached skill level 10 in Polearms
  4030 | D:6      | Reached ** piety under Wu Jian
  4032 | D:6      | Noticed a red ugly thing
  4098 | D:6      | Found a sand-covered staircase.
  4106 | Ossuary  | Entered an ossuary
  4349 | D:6      | Killed a red ugly thing
  4350 | D:6      | Reached XP level 9. HP: 71/71 MP: 8/8
  4511 | D:6      | Reached skill level 5 in Shields
  4581 | D:6      | Found an iron altar of Okawaru.
  4759 | D:6      | Reached *** piety under Wu Jian
  4974 | D:7      | Noticed an eye of draining
  4982 | D:7      | Killed an eye of draining
  5339 | D:7      | Reached skill level 10 in Shields
  5420 | D:7      | Found a sacrificial altar of Ru.
  5820 | D:7      | Found a bloodstained altar of Trog.
  5860 | D:8      | Reached XP level 10. HP: 72/80 MP: 7/9
  5914 | D:8      | Reached skill level 5 in Fighting
  5934 | D:8      | Noticed a gargoyle
  5944 | D:8      | Killed a gargoyle
  5980 | D:8      | Noticed Psyche
  5981 | D:8      | Noticed Harold
  5981 | D:8      | Noticed Joseph
  6018 | D:8      | Killed Harold
  6064 | D:8      | Killed Joseph
  6120 | D:8      | Killed Psyche
  6380 | D:8      | Found a stormy altar of Qazlal.
  6561 | D:8      | Reached **** piety under Wu Jian
  6738 | D:9      | Noticed a cyan ugly thing
  6754 | D:9      | Killed a cyan ugly thing
  6755 | D:9      | Reached XP level 11. HP: 46/97 MP: 4/10
  6901 | D:9      | Found a staircase to the Lair.
  7021 | D:9      | Noticed a two-headed ogre
  7046 | D:9      | Killed a two-headed ogre
  7047 | D:9      | Reached skill level 10 in Fighting
  7199 | D:9      | Found Moprasche's Jewellery Boutique.
  7627 | D:9      | Found a burning altar of Makhleb.
  7785 | D:9      | Reached skill level 10 in Dodging
  7865 | D:9      | Found a staircase to the Orcish Mines.
  7929 | Lair:1   | Entered Level 1 of the Lair of Beasts
  8091 | Lair:1   | Noticed yrara's ghost (journeyman DsFi)
  8247 | Lair:1   | Found a runed translucent door.
  8278 | Lair:1   | Reached ***** piety under Wu Jian
  8601 | Lair:1   | Noticed a seven-headed hydra
  8603 | Lair:1   | Noticed Grum
  8634 | Lair:1   | Killed a seven-headed hydra
  8791 | Lair:1   | Killed Grum
  8792 | Lair:1   | Reached XP level 12. HP: 112/112 MP: 11/11
  9235 | Lair:1   | Killed yrara's ghost
 10040 | Lair:3   | Found a dark tunnel.
 10045 | Volcano  | Entered a volcano
 10363 | Volcano  | Found a bloodstained altar of Trog.
 10412 | Volcano  | Found a burning altar of Makhleb.
 10777 | Lair:3   | Found a staircase to the Snake Pit.
 11206 | Lair:4   | Noticed Kirke
 11220 | Lair:4   | Noticed a sphinx
 11352 | Lair:4   | Killed Kirke
 11353 | Lair:4   | Reached skill level 15 in Polearms
 11553 | Lair:4   | Found a hole to the Spider Nest.
 11578 | Lair:4   | Got a transparent trident
 11892 | Lair:4   | Identified the +5 trident of Ipuatuac {freeze, *Slow +Blink
                  | Dex+3} (You found it on level 4 of the Lair of Beasts)
 12013 | Lair:5   | Noticed Urug
 12020 | Lair:5   | Killed Urug
 12050 | Lair:5   | Reached XP level 13. HP: 113/118 MP: 12/12
 13265 | Lair:1   | Identified the amulet "Silin" {RegenMP Int+5} (You acquired
                  | it on level 1 of the Lair of Beasts)
 13267 | Lair:1   | Identified the +5 medium shield "Nast" {Dex+2} (You
                  | acquired it on level 1 of the Lair of Beasts)
 13366 | Lair:6   | Entered Level 6 of the Lair of Beasts
 13770 | Lair:6   | Found a staircase to the Slime Pits.
 13770 | Lair:6   | Found a viscous altar of Jiyva.
 13955 | Lair:6   | Reached ****** piety under Wu Jian
 14133 | Lair:6   | Got a glittering zirconium amulet
 14199 | Lair:6   | Identified the amulet of Tokk {Acrobat rElec Str+2 Dex+2}
                  | (You found it on level 6 of the Lair of Beasts)
 14429 | Lair:6   | Found a corrupted altar of Lugonu.
 14429 | Lair:6   | Found a one-way gate to the infinite horrors of the Abyss.
 14617 | Lair:6   | Found the ring of Phasing {EV+8}
 15461 | D:10     | Entered Level 10 of the Dungeon
 15479 | D:10     | Reached XP level 14. HP: 124/126 MP: 13/13
 15736 | D:10     | Reached skill level 1 in Armour
 16553 | D:10     | Found a glowing golden altar of the Shining One.
 16564 | D:10     | Reached skill level 5 in Armour
 17064 | D:11     | Found a gate to the Vaults.
 17337 | D:12     | Entered Level 12 of the Dungeon
 17570 | D:12     | Reached skill level 1 in Evocations
 17798 | D:12     | Found a stormy altar of Qazlal.
 18032 | D:12     | Found a staircase to the Depths.
 18336 | Orc      | Entered the Orcish Mines
 18380 | Orc      | Found a staircase to the Elven Halls.
 18463 | Orc      | Noticed Erica
 18486 | Orc      | Reached skill level 5 in Evocations
 18496 | Orc      | Killed Erica
 18593 | Orc      | Noticed Sonja
 18617 | Orc      | Killed Sonja
 18618 | Orc      | Reached skill level 10 in Armour
 18844 | Orc      | Found a roughly hewn altar of Beogh.
 19414 | Orc      | Reached XP level 15. HP: 132/132 MP: 19/19
 19495 | Orc      | Found Xaepievu's Food Shoppe.
 19551 | Orc      | Found Ciczull's Food Boutique.
 19650 | Orc      | Found Suwkehy's Antique Weapon Boutique.
 19650 | Orc      | Found Hidetiawk's Distillery.
 19906 | Snake:1  | Entered Level 1 of the Snake Pit
 20996 | Snake:1  | Got a masterwork cloak
 21008 | Snake:1  | Identified the cursed +0 cloak "Hyzxot" {*Slow +Blink
                  | Str+8} (You found it on level 1 of the Snake Pit)
 21186 | Lair:1   | Identified the +1 crystal plate armour of Beogh {Stlth+}
                  | (You acquired it on level 1 of the Lair of Beasts)
 21186 | Lair:1   | Identified the ring "Geoluxza" {rC+ rN+ Str+7} (You
                  | acquired it on level 1 of the Lair of Beasts)
 21553 | Snake:2  | Found Duedgher's Jewellery Boutique.
 21554 | Snake:2  | Found Igaapnov's Gadget Emporium.
 21554 | Snake:2  | Found Dexkop's Gadget Emporium.
 21616 | Snake:2  | Got a faintly humming leather armour
 21684 | Snake:2  | Reached skill level 10 in Evocations
 21894 | Snake:2  | Noticed a nagaraja
 21908 | Snake:2  | Killed a nagaraja
 22923 | Spider:1 | Entered Level 1 of the Spider Nest
 23492 | Spider:1 | Noticed Jorgrun
 23503 | Spider:1 | Killed Jorgrun
 23615 | Spider:1 | Noticed Donald
 23637 | Spider:1 | Killed Donald
 23638 | Spider:1 | Reached XP level 16. HP: 102/139 MP: 25/25
 24682 | Spider:2 | Noticed Frances
 24870 | Spider:2 | Killed Frances
 25994 | Snake:1  | Identified the +1 leather armour of the Saviour {rN++} (You
                  | found it on level 2 of the Snake Pit)
 26217 | Snake:3  | Entered Level 3 of the Snake Pit
 28075 | Snake:3  | Reached skill level 15 in Armour
 28135 | Snake:3  | Reached XP level 17. HP: 94/150 MP: 26/26
 28658 | Snake:3  | Got a serpentine rune of Zot
 28660 | Snake:3  | Identified the +1 quarterstaff of Accord {antimagic, rElec
                  | rN+++ MR- Int-3}
 28927 | Lair:1   | Identified the +2 spear of the Crushing Wolf {pierce, rC-
                  | Str+2 Int+3 Dex+6} (You acquired it on level 1 of the Lair
                  | of Beasts)
 28927 | Lair:1   | Identified the ring of Fuxtumey {MP+9 AC+5 SInv} (You
                  | acquired it on level 1 of the Lair of Beasts)
 29026 | Spider:3 | Entered Level 3 of the Spider Nest
 29056 | Spider:3 | Reached skill level 15 in Fighting
 29292 | Spider:3 | Found a frozen archway.
 29296 | IceCv    | Entered an ice cave
 29797 | IceCv    | Noticed an Ice Fiend
 29839 | IceCv    | Killed an Ice Fiend
 29840 | IceCv    | Reached skill level 15 in Shields
 30047 | IceCv    | Identified the ring of Biydach {Ice rN+ Str+4 Dex+4}
 30303 | Spider:3 | Found a large runed translucent door.
 30303 | Spider:3 | Found a large runed translucent door.
 30309 | Spider:3 | Noticed foxfromabyss's ghost (adept TrMo)
 30601 | Lair:1   | Reached XP level 18. HP: 163/163 MP: 27/27
 31365 | Spider:3 | Reached XP level 19. HP: 74/172 MP: 11/28
 31680 | Spider:3 | Got a gossamer rune of Zot
 31932 | Vaults:1 | Entered Level 1 of the Vaults
 32280 | Vaults:1 | Found a staircase to the Crypt.
 32342 | Vaults:1 | Found a runed translucent door.
 32342 | Vaults:1 | Found a shimmering altar of Xom.
 32342 | Vaults:1 | Noticed zoran's ghost (adept HOBe)
 32342 | Vaults:1 | Identified the +8 scythe "Osurelil" {chaos, *Slow rPois
                  | Str+4}
 32618 | Vaults:1 | Found Setil's Assorted Antiques.
 34654 | Vaults:2 | Identified the cursed +1 ring mail of Youthful Indiscretion
                  | {rC++ Dex+2}
 34976 | Vaults:2 | Noticed Boris
 34998 | Vaults:2 | Killed Boris
 35912 | Depths:1 | Entered Level 1 of the Depths
 36012 | Depths:1 | Found a runed translucent gate.
 36012 | Depths:1 | Found a runed translucent gate.
 36012 | Depths:1 | Noticed a caustic shrike
 36013 | Depths:1 | Found a runed translucent gate.
 36019 | Depths:1 | Noticed Morbidden's ghost (adept DrCj)
 36041 | Depths:1 | Reached XP level 20. HP: 174/183 MP: 29/29
 36331 | Depths:1 | Found a one-way gate leading to the halls of Pandemonium.
 36716 | Depths:1 | Found a gateway to Hell.
 36820 | Depths:1 | Noticed a rockslime
 36852 | Depths:1 | Killed a rockslime
 37098 | Depths:1 | Paralysed by a floating eye for 3 turns
 37337 | Depths:1 | Killed Morbidden's ghost
 37340 | Depths:1 | Killed a caustic shrike
 37364 | Depths:1 | Identified the +1 scale mail "Vuolett" {*Corrode +Fly rPois
                  | rF++}
 37366 | Depths:1 | Identified the +12 crystal plate armour "Ican" {rC+ Int+3
                  | Stlth-} (You acquired it on level 1 of the Depths)
 37366 | Depths:1 | Identified the ring of the Swan {rF- Str+2 Int+3 SInv} (You
                  | acquired it on level 1 of the Depths)
 37706 | Depths:1 | Identified the amulet of the Commoners {Rage Dex+3}
 38253 | Depths:2 | Noticed a caustic shrike
 38273 | Depths:2 | Killed a caustic shrike
 38274 | Depths:2 | Reached XP level 21. HP: 102/194 MP: 16/30
 38276 | Depths:2 | Reached skill level 15 in Dodging
 38296 | Depths:2 | Identified the +1 leather armour of Cokul {rF+}
 38485 | Depths:2 | Identified the Volume of Lightness
 38553 | Depths:2 | Identified the +0 ring mail "Kujes" {*Corrode rPois rN+}
 38718 | Depths:2 | Noticed a caustic shrike
 38719 | Depths:2 | Identified the amulet "Capuim" {Regen MR+ Int+3 Slay+2
                  | Stlth-}
 38724 | Depths:2 | Killed a caustic shrike
 39563 | Lair:1   | Gained mutation: You expend magic power (3 MP) to
                  | strengthen your wands. [potion of mutation]
 39563 | Lair:1   | Gained mutation: You are occasionally teleported next to
                  | monsters. [potion of mutation]
 39563 | Lair:1   | Gained mutation: You are robust. (+10% HP) [potion of
                  | mutation]
 39565 | Lair:1   | Lost mutation: You expend magic power (3 MP) to strengthen
                  | your wands. [potion of mutation]
 39565 | Lair:1   | Lost mutation: You are occasionally teleported next to
                  | monsters. [potion of mutation]
 39565 | Lair:1   | Lost mutation: You are robust. (+10% HP) [potion of
                  | mutation]
 39565 | Lair:1   | Gained mutation: Potions are less effective at restoring
                  | your health. [potion of mutation]
 39565 | Lair:1   | Gained mutation: You have sharp toenails. [potion of
                  | mutation]
 39565 | Lair:1   | Gained mutation: Your mind is acute. (Int +2) [potion of
                  | mutation]
 39566 | Lair:1   | Lost mutation: Potions are less effective at restoring your
                  | health. [potion of mutation]
 39566 | Lair:1   | Lost mutation: Your mind is acute. (Int +2) [potion of
                  | mutation]
 39566 | Lair:1   | Lost mutation: You have sharp toenails. [potion of
                  | mutation]
 39566 | Lair:1   | Gained mutation: Your spells are a little harder to cast,
                  | but a little more powerful. [potion of mutation]
 39566 | Lair:1   | Gained mutation: You can translocate small distances at
                  | will. [potion of mutation]
 39566 | Lair:1   | Gained mutation: You are resistant to hostile enchantments.
                  | (MR+) [potion of mutation]
 39693 | Hell     | Entered the Vestibule of Hell
 39693 | Hell     | Noticed Geryon
 39705 | Hell     | Killed Geryon
 39937 | Hell     | Reached XP level 22. HP: 152/205 MP: 31/31
 39944 | Hell     | Found a gateway to the ashen valley of Gehenna.
 40175 | Hell     | Found a gateway to the decaying netherworld of Tartarus.
 40273 | Hell     | Found a gateway to the freezing wastes of Cocytus.
 40335 | Hell     | Found a gateway to the Iron City of Dis.
 40479 | Depths:3 | Noticed Bai Suzhen
 40481 | Depths:3 | Noticed Mara
 40483 | Depths:3 | Killed Bai Suzhen
 40487 | Depths:3 | Noticed foxfromabyss's illusion
 40491 | Depths:3 | Killed Mara
 40974 | Depths:3 | Noticed Boris
 40986 | Depths:3 | Killed Boris
 41017 | Depths:3 | Found Dere Oma's Distillery.
 41140 | Depths:3 | Found a shimmering blue altar of Sif Muna.
 41186 | Depths:3 | Found Fozoe's Assorted Antiques.
 41190 | Depths:3 | Found Ahinn's Antique Weapon Boutique.
 41593 | Depths:3 | Found the +6 Majin-Bo {vamp, *Drain Str+12 Int+24}
 42044 | Depths:4 | Noticed Boris
 42051 | Depths:4 | Killed Boris
 42432 | Depths:4 | Noticed a caustic shrike
 42435 | Depths:4 | Noticed a caustic shrike
 42444 | Depths:4 | Noticed a caustic shrike
 42464 | Depths:4 | Killed a caustic shrike
 42473 | Depths:4 | Killed a caustic shrike
 42480 | Depths:4 | Killed a caustic shrike
 42617 | Depths:4 | Reached XP level 23. HP: 203/215 MP: 32/32
 43017 | Depths:4 | Identified the Catalogue of Air
 43345 | Depths:4 | Identified the Almanac of Transmigration
 43676 | Depths:4 | Identified the Catalogue of Hexes
 43904 | Depths:4 | Identified Vofoofics's Reference Book on Snow
 43982 | Depths:5 | Entered Level 5 of the Depths
 43982 | Depths:5 | Noticed a caustic shrike
 43982 | Depths:5 | Noticed a caustic shrike
 43982 | Depths:5 | Noticed a caustic shrike
 43985 | Depths:5 | Killed a caustic shrike
 43988 | Depths:5 | Killed a caustic shrike
 43989 | Depths:5 | Killed a caustic shrike
 44181 | Depths:5 | Noticed Xtahua
 44185 | Depths:5 | Found Douplism's Assorted Antiques.
 44190 | Depths:5 | Killed Xtahua
 44488 | Depths:5 | Found a gate to the Realm of Zot.
 44679 | Depths:5 | Noticed Mennas
 44699 | Depths:5 | Killed Mennas
 44728 | Depths:5 | Noticed Saint Roka
 44777 | Depths:5 | Killed Saint Roka
 45051 | Depths:5 | Found a gateway to a ziggurat.
 45073 | Depths:5 | Noticed a caustic shrike
 45081 | Depths:5 | Killed a caustic shrike
 45083 | Depths:5 | Noticed a caustic shrike
 45088 | Depths:5 | Noticed a caustic shrike
 45095 | Depths:5 | Killed a caustic shrike
 45103 | Depths:5 | Killed a caustic shrike
 45588 | Lair:1   | Identified the +0 chain mail of Mosiofes {rC++ Str-3 SInv
                  | Stlth+} (You acquired it on level 1 of the Lair of Beasts)
 45588 | Lair:1   | Identified the ring of Daficw {MR++ Str+4 SInv} (You
                  | acquired it on level 1 of the Lair of Beasts)
 45671 | Elf:1    | Entered Level 1 of the Elven Halls
 45697 | Elf:1    | Reached XP level 24. HP: 206/221 MP: 32/32
 46123 | Elf:1    | Identified the Volume of Creative Combat Magic
 46315 | Elf:1    | Found Luta's Magic Scroll Shoppe.
 46990 | Elf:2    | Found a runed gate.
 47009 | Elf:2    | Found a runed gate.
 47009 | Elf:2    | Found a runed gate.
 47374 | Elf:3    | Entered Level 3 of the Elven Halls
 47623 | Elf:3    | Identified the amulet "Jaosism" {Inacc rPois}
 47646 | Elf:3    | Found an ancient bone altar of Kikubaaqudgha.
 48613 | Elf:3    | Identified the ring of Vied {+Inv rPois rN++ Str+2 Stlth++}
 48949 | Elf:3    | Identified Gabb's Volume of Helpful Lightness
 49293 | Vaults:3 | Entered Level 3 of the Vaults
 49377 | Vaults:3 | Reached XP level 25. HP: 147/229 MP: 32/32
 49626 | Vaults:3 | Got a silver rune of Zot
 50048 | Vaults:3 | Identified the Grimoire of the Escort
 50052 | Vaults:3 | Identified the Reference Book on the Scorching Traveller
 50063 | Vaults:3 | Identified the Guide on Cold and Talismans
 50662 | Vaults:3 | Found the +7 sceptre of Torment {pain, torment}
 51018 | Zot:1    | Entered Level 1 of the Realm of Zot
 51293 | Zot:1    | Noticed a golden dragon
 51310 | Zot:1    | Killed a golden dragon
 52139 | Zot:2    | Reached skill level 27 in Polearms
 52158 | Zot:2    | Noticed a golden dragon
 52159 | Zot:2    | Reached XP level 26. HP: 215/246 MP: 32/32
 52169 | Zot:2    | Killed a golden dragon
 52382 | Zot:2    | Noticed a golden dragon
 52388 | Zot:2    | Killed a golden dragon
 53202 | Zot:3    | Noticed a Killer Klown
 53207 | Zot:3    | Killed a Killer Klown
 53767 | Zot:4    | Noticed a golden dragon
 53783 | Zot:4    | Killed a golden dragon
 53969 | Zot:4    | Identified the ring "Viwuniott" {Ice *Drain Int+3 Dex+4}
 54748 | Zot:5    | Entered Level 5 of the Realm of Zot
 55014 | Zot:5    | Noticed a golden dragon
 55026 | Zot:5    | Killed a golden dragon
 55027 | Zot:5    | Reached XP level 27. HP: 261/271 MP: 32/32
 55086 | Zot:5    | Reached skill level 27 in Fighting
 55229 | Zot:5    | Noticed an ancient lich
 55258 | Zot:5    | Noticed an ancient lich
 55287 | Zot:5    | Killed an ancient lich
 55331 | Zot:5    | Killed an ancient lich
 55390 | Zot:5    | Noticed an ancient lich
 55408 | Zot:5    | Killed an ancient lich
 55435 | Zot:5    | Noticed an ancient lich
 55582 | Zot:5    | Killed an ancient lich
 55627 | Zot:5    | Noticed an ancient lich
 55629 | Zot:5    | Noticed an orb of fire
 55630 | Zot:5    | Noticed an orb of fire
 55630 | Zot:5    | Gained mutation: You are clumsy. (Dex -2) [an orb of fire]
 55631 | Zot:5    | Gained mutation: Your flesh is cold resistant. (rC+) [an
                  | orb of fire]
 55641 | Zot:5    | Gained mutation: Your flesh is very cold resistant. (rC++)
                  | [an orb of fire]
 55642 | Zot:5    | Killed an orb of fire
 55643 | Zot:5    | Killed an orb of fire
 55644 | Zot:5    | Killed an ancient lich
 56170 | Zot:5    | Noticed an ancient lich
 56172 | Zot:5    | Noticed an ancient lich
 56178 | Zot:5    | Killed an ancient lich
 56180 | Zot:5    | Killed an ancient lich
 56180 | Zot:5    | Noticed an ancient lich
 56187 | Zot:5    | Killed an ancient lich
 56204 | Zot:5    | Noticed an ancient lich
 56207 | Zot:5    | Killed an ancient lich
 56618 | Zot:5    | Got the Orb of Zot
 56812 | Depths:5 | Noticed Zigom the pandemonium lord
 56826 | Depths:4 | Killed Zigom the pandemonium lord
 57258 | D:8      | Noticed Teroceom the pandemonium lord
 57402 | D:3      | Noticed Baecaira the pandemonium lord
 57402 | D:3      | Noticed an ancient lich
 57531 | D:$      | Escaped with the Orb!

Skill      XL: |  1  2  3  4  5  6  7  8  9 10 11 12 13 14 15 16 17 18 19 20 21 22 23 24 25 26 27 |
---------------+----------------------------------------------------------------------------------+-----
Fighting       | 2 3 4 9 12 13 15 16 18 19 20 22 26 27 | 27.0
Dodging        | 4 5 9 11 12 13 14 16 17 20 22 | 22.1
Polearms       | 4 6 9 12 16 19 20 21 22 23 25 27 | 27.0
Shields        | 3 10 12 15 16 17 18 20 23 24 26 | 26.5
Armour         | 10 12 15 16 17 18 20 22 | 22.4
Evocations     | 7 13 | 13.6
Maces & Flails | |  1.2
Stealth        | |  2.6

Action                   |  1- 3 |  4- 6 |  7- 9 | 10-12 | 13-15 | 16-18 | 19-21 | 22-24 | 25-27 || total
-------------------------+-------+-------+-------+-------+-------+-------+-------+-------+-------++-------
Melee: Whip              |    67 |    38 |       |       |       |       |       |       |       ||   105
       Headbutt          |     9 |    12 |    29 |   128 |   431 |   334 |   461 |   434 |   381 ||  2219
       Lance             |       |    74 |   279 |   820 |  1835 |  1376 |  1842 |  2037 |  1444 ||  9707
 Fire: Blowgun           |       |     2 |       |     1 |     1 |       |       |       |       ||     4
Throw: Tomahawk          |       |       |       |       |     2 |       |       |     6 |       ||     8
Invok: Lunge             |       |       |     2 |     6 |    15 |    36 |    43 |    45 |    43 ||   190
       Whirlwind         |       |       |       |    15 |    68 |   186 |   339 |   251 |   225 ||  1084
       Heavenly Storm    |       |       |       |       |       |     9 |    15 |    12 |     4 ||    40
 Abil: Serpent's Lash    |       |       |       |     7 |    12 |    21 |    19 |    12 |    17 ||    88
       Wall Jump         |       |       |       |       |       |     3 |     4 |     1 |       ||     8
       Blink             |       |       |       |       |       |       |       |       |     1 ||     1
  Use: Scroll            |       |     1 |     1 |    20 |    11 |     4 |     2 |     5 |     4 ||    48
       Potion            |       |       |       |     2 |       |     7 |     5 |     1 |     2 ||    17
 Stab: Sleeping          |     3 |     4 |    10 |       |       |       |       |       |       ||    17
       Distracted        |       |       |     3 |     1 |     2 |       |     2 |     3 |       ||    11
       Confused          |       |       |       |       |       |       |     5 |     2 |       ||     7
       Petrified         |       |       |       |       |       |       |       |     2 |       ||     2
  Eat: Chunk             |     3 |     9 |    11 |    26 |    57 |    19 |    50 |    49 |    33 ||   257
       Ration            |       |       |       |     2 |     2 |     8 |     3 |     4 |     5 ||    24
Armor: Robe              |    25 |    28 |    35 |     2 |       |       |       |       |       ||    90
       Chain mail        |       |       |       |   153 |   288 |    71 |       |       |       ||   512
       Plate armour      |       |       |       |       |       |   258 |   207 |       |       ||   465
       Crystal plate arm |       |       |       |       |       |       |   111 |   305 |   297 ||   713
Dodge: Dodged            |    36 |    65 |    51 |    78 |   343 |   361 |   273 |   264 |   313 ||  1784
       Deflected         |       |       |       |     6 |    26 |    20 |    28 |    25 |    31 ||   136
Block: Medium shield     |       |       |     6 |   250 |   930 |   714 |   697 |   765 |   693 ||  4055
